Map: Bridgehead LE (Void)

Players

Javert

  • Race: Zerg Zerg
  • League: Platinum

Duke - Winner!

  • Race: Zerg Zerg
  • League: Platinum

VOD

Have the link to the VOD?

Description

Time

  • Played on: Aug. 22, 2015, 8:04 p.m.
  • Length: 9:44
Show
View Real Time Build Order
Export as new Build Order

Javert Zerg 

Build Orders: Pool First, Lurkers 

Get SALT Encoding   

  12  0:01  Drone  
  13  0:13  Overlord  
  13  0:20  Drone  
  14  0:31  Drone x2  
  17  0:35  Drone  
  17  0:40  Extractor  
  16  0:46  Drone  
  17  0:51  Spawning Pool  
  16  0:57  Drone  
  17  1:08  Drone  
  18  1:18  Drone  
  19  1:30  Hatchery  
  18  1:39  Baneling Nest  
  17  1:43  Queen  
  20  1:47  Zergling x2  
  20  1:50  Zergling x2  
  21  1:58  Overlord  
  21  2:08  Drone  
  22  2:19  Drone  
  22  2:21  Queen  
  25  2:24  Baneling x2  
  25  2:25  Baneling  
  25  2:31  Metabolic Boost  
  25  2:34  Drone  
  26  2:46  Drone x3  
  29  2:53  Drone x3  
  32  3:08  Overlord  
  32  3:17  Queen  
  32  3:19  Roach Warren  
  33  3:24  Overlord  
  33  3:35  Drone x3  
  33  3:36  Drone x4  
  40  3:44  Overlord  
  40  3:58  Overlord x2  
  40  4:04  Drone x6  
  40  4:05  Extractor  
  45  4:23  Lair, Extractor  
  44  4:26  Roach  
  44  4:27  Roach x4  
  44  4:29  Evolution Chamber  
  53  4:35  Roach x2  
  57  4:41  Drone  
  57  4:42  Spine Crawler  
  57  4:48  Roach x2  
  61  4:57  Zerg Missile Weapons Level 1  
  61  5:08  Drone  
  61  5:09  Drone x5  
  61  5:13  Evolution Chamber  
  66  5:25  Drone x2  
  66  5:27  Extractor  
  67  5:31  Drone x3, Overlord  
  67  5:32  Overlord  
  70  5:40  Overlord  
  70  5:45  Hatchery  
  70  5:47  Drone x2  
  70  5:49  Evolution Chamber  
  70  6:07  Hydralisk Den  
  70  6:09  Hatchery  
  70  6:10  Zerg Ground Armor Level 1  
  68  6:18  Roach x6  
  80  6:26  Drone x2  
  82  6:39  Lurker Den  
  82  6:50  Roach  
  82  6:51  Spine Crawler, Roach x5  
  93  6:59  Glial Reconstitution  
  93  7:01  Drone  
  93  7:02  Drone  
  93  7:04  Drone x2  
  93  7:06  Ravager x4  
  101  7:08  Overlord x2  
  101  7:17  Overlord x2  
  102  7:22  Drone  
  102  7:23  Drone x3, Overlord  
  105  7:30  Overlord x2  
  105  7:49  Hydralisk  
  105  7:50  Hydralisk x6  
  119  7:54  Overlord  
  119  7:57  Overseer  
  119  8:00  Overseer x2  
  119  8:01  Overlord  
  119  8:17  Lurker x2  
  119  8:18  Lurker x2  
  123  8:21  Spine Crawler  
  123  8:23  Spine Crawler  
  123  8:25  Spine Crawler x2  
  123  8:27  Lurker  
  120  8:46  Overseer x2  
  94  9:06  Hydralisk x7  
  102  9:20  Hydralisk  
Show
View Real Time Build Order
Export as new Build Order

Duke Zerg - Winner!

Build Orders: Hatch First, Lurkers 

Get SALT Encoding   

  12  0:01  Drone  
  13  0:11  Drone  
  14  0:35  Hatchery  
  13  0:36  Drone  
  14  0:44  Overlord  
  14  1:01  Spawning Pool  
  14  1:03  Drone  
  14  1:07  Drone  
  14  1:11  Drone  
  16  1:16  Drone  
  17  1:27  Drone  
  17  1:30  Extractor  
  17  1:36  Drone  
  18  1:47  Drone  
  18  1:49  Drone  
  18  1:54  Queen x2  
  20  1:57  Drone  
  25  2:02  Overlord  
  25  2:09  Drone  
  25  2:10  Drone  
  27  2:20  Drone  
  27  2:21  Drone  
  29  2:29  Queen  
  29  2:34  Metabolic Boost  
  29  2:35  Drone x2  
  33  2:43  Roach Warren  
  32  2:45  Drone  
  32  2:48  Drone  
  34  2:53  Drone x2  
  36  3:09  Overlord, Extractor  
  36  3:12  Extractor  
  34  3:21  Lair  
  34  3:25  Overlord x2  
  34  3:28  Drone x3  
  34  3:29  Drone  
  34  3:33  Drone  
  34  3:34  Drone  
  40  3:44  Roach  
  40  3:47  Roach  
  44  3:49  Hatchery  
  44  3:51  Roach  
  44  3:54  Roach  
  47  3:57  Roach  
  47  4:01  Roach  
  51  4:04  Drone x2  
  51  4:07  Drone  
  51  4:09  Drone  
  55  4:11  Drone  
  55  4:13  Drone  
  55  4:15  Drone  
  58  4:17  Drone  
  58  4:23  Overlord  
  59  4:26  Overlord  
  59  4:33  Glial Reconstitution  
  59  4:38  Evolution Chamber  
  58  4:40  Overlord  
  58  4:41  Overlord  
  58  5:00  Drone x2  
  58  5:01  Hydralisk Den  
  58  5:03  Roach x5  
  69  5:13  Drone x3  
  69  5:14  Extractor  
  71  5:15  Drone  
  71  5:16  Drone, Lurker Den  
  71  5:20  Overlord  
  74  5:21  Drone  
  74  5:23  Ravager  
  74  5:24  Ravager x2  
  77  5:33  Drone x4  
  77  5:34  Drone  
  82  5:40  Drone  
  82  5:41  Drone x2  
  85  5:43  Overlord x2  
  85  5:46  Roach  
  85  5:48  Roach  
  85  5:49  Overseer  
  89  5:51  Roach  
  89  5:54  Roach  
  93  5:58  Zerg Ground Armor Level 1  
  93  6:02  Extractor  
  93  6:03  Drone x3  
  95  6:08  Overlord, Roach  
  97  6:24  Hydralisk x3  
  97  6:25  Hydralisk  
  103  6:29  Drone x3, Extractor  
  103  6:30  Drone x2  
  103  6:31  Drone x2  
  111  6:39  Overlord  
  111  6:51  Drone x2  
  111  6:52  Drone x2  
  111  6:53  Drone  
  116  6:59  Lurker x2  
  116  7:00  Hydralisk x4  
  126  7:05  Lurker x2  
  126  7:06  Hatchery  
  126  7:07  Overlord  
  126  7:08  Overlord  
  127  7:12  Pneumatized Carapace  
  127  7:17  Muscular Augments  
  127  7:28  Lurker  
  128  7:31  Roach x6  
  128  7:33  Overlord  
  128  7:34  Overlord x2  
  138  7:57  Roach x4  
  138  7:58  Roach x7  
  160  8:15  Hatchery  
  160  8:16  Hydralisk  
  160  8:17  Hydralisk x4  
  125  9:12  Roach  
  125  9:13  Roach x7  
  125  9:14  Roach x7  
  147  9:18  Lurker x3  
  147  9:23  Lurker  
  147  9:24  Lurker x2  
Tags
 
Add a new tag
Caveats
  • Supply blocks, unpowered buildings, or Contaminate may cause inaccurate times.
  • Supply counts are checked every 10 seconds.